 Dungeon Crawl Stone Soup version 0.27.0-65-ge2af304b15 (webtiles) character file.

Game seed: 2328995127347081008

100 Malachi the Skirmisher (level 4, -3/35 HPs)
             Began as a Demonspawn Abyssal Knight on Aug 17, 2021.
             Was a Follower of Lugonu.
             Slain by an orc (6 damage)
             ... on level 3 of the Dungeon.
             The game lasted 00:03:07 (2675 turns).

Malachi the Skirmisher (Demonspawn Abyssal Knight)  Turns: 2675, Time: 00:03:08

Health: -3/35      AC: 11    Str: 14    XL:     4   Next: 46%
Magic:  6/6        EV: 10    Int: 13    God:    Lugonu [*.....]
Gold:   37         SH:  0    Dex: 12    Spells: 3/3 levels left

rFire    + . .     SeeInvis .   a - +2 hand axe
rCold    . . .     Faith    .   (no shield)
rNeg     . . .     Spirit   .   f - +0 ring mail
rPois    .         Reflect  .   (no helmet)
rElec    .         Harm     .   e - +2 cloak
rCorr    .         Rampage  .   (no gloves)
Will     .....                  (no boots)
Stlth    +.........             (no amulet)
HPRegen  0.11/turn              d - ring of protection from fire
MPRegen  0.10/turn              (no ring)

@: brilliant
A: yellow scales 2
a: Renounce Religion, Depart the Abyss


You were on level 3 of the Dungeon.
You worshipped Lugonu.
Lugonu was aware of your devotion.
You visited 1 branch of the dungeon, and saw 3 of its levels.
You visited the Abyss 1 time.

You collected 37 gold pieces.

Inventory:

Hand Weapons
 a - a +2 hand axe (weapon)
 g - a +1 dagger of protection
Missiles
 c - 16 poisoned darts
Armour
 b - a +0 leather armour
 e - a +2 cloak (worn)
 f - a +0 ring mail (worn)
Jewellery
 d - a ring of protection from fire (left hand)
Scrolls
 i - a scroll of identify
Potions
 h - a potion of magic


   Skills:
 + Level 3.5 Fighting
 + Level 3.0 Axes
 + Level 2.5 Armour
 + Level 1.4 Dodging
 + Level 0.2 Stealth
 + Level 2.6 Invocations


You had 3 spell levels left.
You didn't know any spells.
Your spell library contained the following spells:

 Spells                   Type           Power      Damage    Failure   Level
 Inner Flame              Hex/Fire       0%         N/A       88%         3
 Cause Fear               Hex            0%         N/A       99%         4
 Discord                  Hex            0%         N/A       100%        8


Dungeon Overview and Level Annotations

Branches:
Dungeon (3/15)

Altars:


Innate Abilities, Weirdness & Mutations

You are mostly covered in yellow scales. (AC +3)


Message History

The orc hits you from afar with a +0 trident.
* * * LOW HITPOINT WARNING * * *
You are too injured to fight recklessly!
You are too injured to fight recklessly!
You are too injured to fight recklessly!
You are too injured to fight recklessly!
You are too injured to fight recklessly!
You are too injured to fight recklessly!
You are too injured to fight recklessly!
You are too injured to fight recklessly!
You are too injured to fight recklessly!
You are too injured to fight recklessly!
You are too injured to fight recklessly!
You are too injured to fight recklessly!
You are too injured to fight recklessly!
You are too injured to fight recklessly!
You are too injured to fight recklessly!
You are too injured to fight recklessly!
You are too injured to fight recklessly!
You are too injured to fight recklessly!
You are too injured to fight recklessly!
You are too injured to fight recklessly!
You are too injured to fight recklessly!
You closely miss the water moccasin.
The water moccasin is heavily wounded.
The water moccasin closely misses you.
The orc hits you from afar with a +0 trident.
* * * LOW HITPOINT WARNING * * *
The water moccasin bites you.
* * * LOW HITPOINT WARNING * * *
Unknown command.
Unknown command.
Unknown command.
Okay, then.
Okay, then.
You hit the water moccasin but do no damage.
The water moccasin is heavily wounded.
The water moccasin closely misses you.
The orc hits you from afar with a +0 trident.
You die...

.#####....######†.....
. #######.##.......##.
. #.......##.......#
.. #...........####.#
#.......###.#..#.#
..............#.#
...####.#######.#
#######.##...#.......#
......>@##.#.#.#######
.######S##.#..........
#....ooo..#.#.#######
#.##!.)#^.#.#.#
#....+....#.#
#....######+# #.....
#.#... #.#...


You could see a water moccasin and 3 orcs.

Vanquished Creatures
  Natasha (D:3)
  2 adders (D:2)
  A worm (D:2)
  A dart slug (D:1)
  An orc (D:3)
  6 ball pythons
  3 endoplasms
  2 giant cockroaches
  4 goblins
  6 hobgoblins
  2 jackals (D:1)
  2 quokkas
  4 bats
  A frilled lizard (D:1)
  6 kobolds
  5 rats
47 creatures vanquished.

Notes
Turn   | Place    | Note
-------+----------+-------------------------------------------
     0 | Abyss:1  | Malachi the Demonspawn Abyssal Knight began the quest for
                  | the Orb.
     0 | Abyss:1  | Reached XP level 1. HP: 18/18 MP: 2/2
    42 | Abyss:1  | Noticed a rust devil
    56 | Abyss:1  | Found a corrupted altar of Lugonu.
   101 | Abyss:1  | Noticed a small abomination
   113 | Abyss:1  | Noticed a chaos spawn
   115 | Abyss:1  | Noticed a small abomination
   117 | Abyss:1  | Noticed a large abomination
   117 | Abyss:1  | Noticed a small abomination
   119 | D:1      | Escaped the Abyss
   415 | D:1      | Gained mutation: You are partially covered in yellow
                  | scales. (AC +2) [demonic ancestry]
   415 | D:1      | Reached XP level 2. HP: 22/24 MP: 3/3
   419 | D:1      | Reached * piety under Lugonu
   763 | D:1      | Reached skill level 1 in Dodging
   827 | D:1      | Found a faded altar of an unknown god.
   892 | D:1      | Gained mutation: You are mostly covered in yellow scales.
                  | (AC +3) [demonic ancestry]
   892 | D:1      | Reached XP level 3. HP: 29/29 MP: 5/5
  2115 | D:2      | Reached XP level 4. HP: 33/35 MP: 6/6
  2412 | D:3      | Noticed Natasha
  2423 | D:3      | Killed Natasha
  2662 | D:3      | Noticed a water moccasin
  2675 | D:3      | Slain by an orc

Illustrated notes

Levels and vault maps discovered:
D:1:      tarquinn_simple_flora_water_f, layout_basic,
          hellmonk_ecumenical_altar_inner_sanctum
D:2:      layout_loops_corners, supply_closet_lemuel, minmay_fountain_box
D:3:      layout_basic, kennysheep_pointless_box, uniq_crazy_yiuf_cottage,
          uniq_natasha

Skill      XL: |  1  2  3  4 |
---------------+-------------+-----
Armour         | 2 |  2.5
Axes           | 2 3 |  3.0
Dodging        | 1 |  1.4
Fighting       | |  3.5
Stealth        | |  0.2
Invocations    | |  2.6

Action                   |  1- 3 |  4- 6 || total
-------------------------+-------+-------++-------
Melee: Hand axe          |   134 |    28 ||   162
Invok: Depart the Abyss  |     1 |       ||     1
  Use: Scroll            |       |     5 ||     5
       Potion            |       |     2 ||     2
Armor: Leather armour    |    10 |       ||    10
       Ring mail         |    47 |    23 ||    70
Dodge: Dodged            |    75 |    18 ||    93
